 Dungeon Crawl Stone Soup version 0.27-a0-1312-g5cdb2b3542 (webtiles) character file.

Game seed: 3655383542897233672

37 HAL9000 the Sneak (level 3, -2/18 HPs)
             Began as a Vine Stalker Brigand on June 19, 2021.
             Slain by a gnoll (14 damage)
             ... on level 2 of the Dungeon.
             The game lasted 00:02:12 (973 turns).

HAL9000 the Sneak (Vine Stalker Brigand)             Turns: 973, Time: 00:02:13

Health: -2/18      AC:  3    Str: 14    XL:     3   Next: 39%
Magic:  0/4        EV: 11    Int: 11    God:
Gold:   31         SH:  0    Dex: 15    Spells: 2/2 levels left

rFire    . . .     SeeInvis .   k - +2 dagger (venom)
rCold    . . .     Faith    .   (no shield)
rNeg     . . .     Spirit   +   b - +0 robe
rPois    .         Reflect  .   (no helmet)
rElec    .         Harm     .   c - +0 cloak
rCorr    .         Rampage  .   (no gloves)
Will     .....                  (no boots)
Stlth    +++.......             (no amulet)
HPRegen  0.06/turn              (no ring)
MPRegen  0.09/turn              (no ring)

@: no status effects
A: fangs 2, magic shield, antimagic bite, no potion heal 2
a: no special abilities


You were on level 2 of the Dungeon.
You visited 1 branch of the dungeon, and saw 2 of its levels.

You collected 31 gold pieces.

Inventory:

Hand Weapons
 k - a +2 dagger of venom (weapon)
Missiles
 d - 11 poisoned darts (quivered)
 e - 2 curare-tipped darts
Armour
 b - a +0 robe (worn)
 c - a +0 cloak (worn)
Scrolls
 f - 4 scrolls of identify {unknown}
 g - a scroll of amnesia {unknown}
 h - a scroll of noise {unknown}
 i - a scroll of holy word {unknown}
 j - a scroll of enchant armour {unknown}


   Skills:
 + Level 1.9 Fighting
 + Level 2.0 Short Blades
 + Level 1.8 Throwing
 + Level 0.8 Dodging
 + Level 6.0 Stealth


You had 2 spell levels left.
You didn't know any spells.
Your spell library was empty.

Dungeon Overview and Level Annotations

Branches:
Dungeon (2/15)

Altars:


Innate Abilities, Weirdness & Mutations

You have extremely sharp teeth.
When hurt, damage is shared between your health and your magic reserves.
Your bite disrupts and absorbs the magic of your enemies.
Potions cannot restore your health.


Message History

You impale the kobold!!
You kill the kobold!
No target in view!
Things that are here:
a +2 dagger of venom; a stone; a kobold corpse
k - a +2 dagger of venom Your +2 dagger of venom begins to drip with poison!
k - a +2 dagger of venom (weapon)
Drop what? 11/52 slots (_ for help) (? for menu, Esc to quit)
You drop a +2 dagger.
Unknown command.
Found a ring mail.
You throw a poisoned dart. The poisoned dart hits the gnoll.
The gnoll is poisoned.
The gnoll shouts!
You throw a poisoned dart. The poisoned dart hits the gnoll.
The gnoll looks even sicker.
Unknown command.
You throw a poisoned dart. The poisoned dart hits the gnoll.
The gnoll is lightly wounded.
The gnoll shouts!
You throw a poisoned dart.
The poisoned dart closely misses the gnoll.
A gnoll comes into view. It is wielding a +0 spear.
You throw a poisoned dart. The poisoned dart hits the gnoll.
The gnoll is lightly wounded.
You throw a poisoned dart. The poisoned dart hits the gnoll.
The gnoll looks even sicker.
The gnoll is lightly wounded.
Unknown command.
The gnoll hits you from afar with a +0 antimagic halberd!
You feel your power leaking away.
There is an open door, spattered with blood here.
You see here a +0 ring mail.
You throw a poisoned dart.
The poisoned dart closely misses the gnoll.
The poisoned dart hits the gnoll.
The gnoll is poisoned.
The gnoll hits you from afar with a +0 antimagic halberd!
Ouch! That really hurt!
You die...

#.....#### .. ##...#.).##
#... ##....###.## ...#
#......###<##...(#.
#...........(g(.g((..
#..##+#####g##...###g #.(#
#....g## .#.# #..+###.#.##
.# # ..#.###@## .# #.#.####
..#..#(#.# .# .......#
#.#.#.###.# .# .....#.#
#.#..#.# #.. .#.#
≈≈≈≈.#.###.#.###.# #.#.#.#
≈≈≈≈.#.##..'## #.# #+...#
≈≈≈≈.......## ..# #.....
≈≈≈≈.......##+#####+##.#>##
≈≈≈≈......................#


You could see 3 gnolls.

Vanquished Creatures
  An adder (D:2)
  2 dart slugs (D:1)
  2 ball pythons (D:1)
  5 bats
  2 endoplasms
  A giant cockroach (D:1)
  A goblin (D:1)
  3 hobgoblins (D:1)
  A frilled lizard (D:1)
  3 kobolds
21 creatures vanquished.

Vanquished Creatures (others)
  2 plants (D:2)
2 creatures vanquished.

Grand Total: 23 creatures vanquished

Notes
Turn   | Place    | Note
-------+----------+-------------------------------------------
     0 | D:1      | HAL9000 the Vine Stalker Brigand began the quest for the
                  | Orb.
     0 | D:1      | Reached XP level 1. HP: 11/11 MP: 2/2
    39 | D:1      | Reached skill level 5 in Stealth
    67 | D:1      | Reached XP level 2. HP: 8/15 MP: 3/3
   390 | D:1      | Found a faded altar of an unknown god.
   840 | D:2      | Reached XP level 3. HP: 18/18 MP: 4/4
   882 | D:2      | Reached skill level 6 in Stealth
   973 | D:2      | Slain by a gnoll

Illustrated notes

Levels and vault maps discovered:
D:1:      lemuel_arrival_river_ford, layout_basic,
          hellmonk_ecumenical_altar_run_dry
D:2:      wad_lake_hut, layout_loops_cross, chequers_avenue,
          roderic_cross_of_infinity, minivault_14, uniq_sigmund

Skill      XL: |  1  2  3 |
---------------+----------+-----
Stealth        | 5 6 |  6.0
Short Blades   | 2 |  2.0
Fighting       | |  1.9
Throwing       | |  1.8
Dodging        | |  0.8

Action                   || total
-------------------------++-------
Melee: Dagger            ||    48
       Bite              ||    13
Throw: Dart              ||     7
 Stab: Sleeping          ||     6
Armor: Robe              ||    20
Dodge: Dodged            ||    27

Table legend: (Time is in decaauts)
 A = Elapsed time spent in this place.
 B = Non-inter-level travel time spent in this place.
 C = Inter-level travel time spent in this place.
 D = Time resting spent in this place.
 E = Time spent auto-exploring this place.
 F = Levels seen in this place.
 G = Mean time per level.
                   A        B        C        D        E       F      G
               +--------+--------+--------+--------+--------+-----+--------+
         Total |    973 |    967 |      6 |    174 |    643 |   2 |  486.5 |
       Dungeon |    973 |    967 |      6 |    174 |    643 |   2 |  486.5 |
               +--------+--------+--------+--------+--------+-----+--------+

Top non-repeatable levels by time:
     D:1: 799 daAuts
     D:2: 174 daAuts
